 Dungeon Crawl Stone Soup version 0.22.1-1-ga44c0e56f4 (webtiles) character file.

108 Ivernyr the Magician (level 4, 0/36 HPs)
             Began as a Draconian Wizard on Oct 8, 2018.
             Killed by divine providence
             ... invoked by an orc priest
              (14 damage)
             ... on level 3 of the Dungeon.
             The game lasted 00:20:56 (2400 turns).

Ivernyr the Magician (Draconian Wizard)             Turns: 2400, Time: 00:20:57

Health: 0/36       AC: 10    Str:  9    XL:     4   Next: 58%
Magic:  3/9        EV: 12    Int: 20    God:
Gold:   110        SH:  0    Dex:  9    Spells: 1/10 levels left

rFire    + . .     SeeInvis .   d - +0 spear
rCold    + . .     Gourm    +   (no shield)
rNeg     . . .     Faith    .   (armour unavailable)
rPois    .         Spirit   .   a - +0 hat
rElec    .         Reflect  .   i - scarf {rC+ rF+}
rCorr    .         Harm     .   (no gloves)
MR       .....                  (no boots)
Stlth    ++........             b - amulet of the gourmand
HPRegen  0.12/turn              k - +5 ring of protection
MPRegen  0.11/turn              (no ring)

@: no status effects
A: unfitting armour, cold-blooded, AC +5
a: no special abilities


You were on level 3 of the Dungeon.
You were full.

You visited 1 branch of the dungeon, and saw 3 of its levels.

You collected 110 gold pieces.

Inventory:

Hand Weapons
 d - a +0 spear (weapon)
Armour
 a - a +0 hat (worn)
 i - a scarf of resistance (worn)
Jewellery
 b - an amulet of the gourmand (around neck)
 k - a +5 ring of protection (left hand)
Scrolls
 f - a scroll of enchant armour {unknown}
 g - 4 scrolls of identify {unknown}
 h - a scroll of teleportation {unknown}
 l - 2 scrolls of remove curse {unknown}
 o - a scroll of magic mapping {unknown}
Potions
 e - a potion of curing {unknown}
 j - a potion of lignification {unknown}
 m - a potion of mutation {unknown}
 n - a potion of might {unknown}
Comestibles
 c - 2 rations


   Skills:
 + Level 2.1 Fighting
 - Level 1.7 Dodging
 - Level 1.7 Stealth
 + Level 3.9 Spellcasting
 * Level 2.7 Conjurations
   Level 1.0 Summonings
 - Level 1.0 Translocations


You had one spell level left.
You knew the following spells:

 Your Spells              Type           Power        Failure   Level  Hunger
a - Magic Dart            Conj           ###.         4%          1    None
b - Blink                 Tloc           N/A          13%         2    ##.....
c - Conjure Flame         Conj/Fire      #.......     22%         3    ###....
d - Mephitic Cloud        Conj/Pois/Air  #.......     26%         3    ###....

Your spell library contained the following spells:

 Spells                   Type           Power        Failure   Level  Hunger
 Call Imp                 Summ           #.......     13%         2    ##.....
 Slow                     Hex            #.......     21%         2    ##.....


Dungeon Overview and Level Annotations

Branches:
Dungeon (3/15)

Altars:
Ru


Innate Abilities, Weirdness & Mutations

Your plain brown scales are hard. (AC +5)
You cannot fit into any form of body armour.
You are cold-blooded and may be slowed by cold attacks.


Message History

Casting: Magic Dart (safe; 4% risk of failure)
Confirm with . or Enter, or press ? or * to list all spells.
Aiming: Magic Dart (safe; 4% risk of failure)
Press: ? - help, Shift-Dir - straight line, f/p - orc priest
Aim: an orc priest, wielding a trident and wearing a leather armour (moderately The magic dart hits the orc priest.
The orc priest is moderately wounded.
The orc priest hits you with a trident! The orc priest completely misses you.
The orc priest closely misses you.
The orc priest looks satisfied for a moment.
The orc priest looks braver for a moment.
The orc priest calls down the wrath of Beogh upon you.
Beogh smites you!
Things that are here:
a leather armour; a trident; an orc skeleton Unknown command.
The orc priest calls down the wrath of Beogh upon you.
Beogh smites you!
You die...

##.###.......#......
#.###..............
#..##.............รท
#######.##.##...........
#...............)#......
###.###.#..####...#...)<
###.......####....).....
#.....#.#####........##.
#.###..@# #..........#.
#....#..####..........##
##......o.##...........#
##.......#...............
#.........[#...........##
#.......o...#.........##
#.........#..#........###
#..............).........
#.........###..........#.


You could see an orc priest and an orc.

Vanquished Creatures
  4 adders (D:2)
  A worm (D:3)
  A dart slug (D:1)
  3 leopard geckos
  8 orcs
  8 bats
  2 giant cockroaches
  10 goblins
  4 hobgoblins
  A quokka (D:3)
  2 ball pythons (D:1)
  5 frilled lizards
  4 kobolds
  4 rats
57 creatures vanquished.

Notes
Turn   | Place    | Note
-------+----------+-------------------------------------------
     0 | D:1      | Ivernyr the Draconian Wizard began the quest for the Orb.
     0 | D:1      | Reached XP level 1. HP: 14/14 MP: 4/4
     9 | D:1      | Noticed an electric eel
   195 | D:1      | Reached XP level 2. HP: 21/22 MP: 6/6
   199 | D:1      | Learned a level 2 spell: Blink
   395 | D:1      | Reached skill level 1 in Fighting
   894 | D:2      | Reached XP level 3. HP: 19/28 MP: 0/8
   996 | D:2      | Learned a level 3 spell: Conjure Flame
  1000 | D:2      | Learned a level 3 spell: Mephitic Cloud
  1020 | D:2      | Found a sacrificial altar of Ru.
  1378 | D:2      | Reached XP level 4. HP: 36/36 MP: 5/9
  2400 | D:3      | Killed from afar by an orc priest

Skill      XL: |  1  2  3  4 |
---------------+-------------+-----
Fighting       | 1 2 |  2.1
Conjurations   | 2 |  2.7
Dodging        | |  1.7
Stealth        | |  1.7
Spellcasting   | |  3.9
Summonings     | |  1.0
Translocations | |  1.0

Action                   |  1- 3 |  4- 6 || total
-------------------------+-------+-------++-------
Melee: Spear             |    27 |    43 ||    70
       Unarmed           |    10 |       ||    10
       Tailslap          |     4 |     5 ||     9
 Cast: Magic Dart        |    64 |    63 ||   127
 Stab: Sleeping          |     3 |     1 ||     4
  Eat: Chunk             |     5 |     6 ||    11
Armor: Skin              |    13 |    12 ||    25
Dodge: Dodged            |    28 |    31 ||    59
